 Dungeon Crawl Stone Soup version 0.32-a0-630-g46d191b0ed (webtiles) character file.

Game seed: 7005088121723192758

8792 cforsyth the Artisan of Death (level 11, -5/100 HPs)
             Began as a Mountain Dwarf Necromancer on Mar 6, 2024.
             Was a Priest of Kikubaaqudgha.
             Slain by an orange demon (9 damage)
             ... led by Amaemon
             ... on level 9 of the Dungeon.
             The game lasted 00:35:12 (15367 turns).

cforsyth the Artisan of Death (MDNe)               Turns: 15367, Time: 00:35:12

Health: -5/100     AC: 17    Str: 18    XL:     11   Next: 14%
Magic:  13/13      EV:  6    Int: 19    God:    Kikubaaqudgha [***...]
Gold:   633        SH:  0    Dex: 10    Spells: 8/13 levels left

rFire   . . .        a - +3 war axe (freeze)
rCold   . . .        (no shield)
rNeg    . . .        q - +0 plate armour
rPois   .            c - +2 helmet
rElec   .            (no cloak)
rCorr   .            (no gloves)
SInv    .            (no boots)
Will    ++...        (no amulet) Stlth
                     W - ring of willpower
HPRegen 0.36/turn    S - +6 ring of strength
MPRegen 0.13/turn

%: no passive effects
@: lethally poisoned (-5 -> -51)
A: runic magic, artefact enchanting
a: Renounce Religion, Unearth Wretches


You were on level 9 of the Dungeon.
You worshipped Kikubaaqudgha.
Kikubaaqudgha was most pleased with you.
You visited 2 branches of the dungeon, and saw 10 of its levels.
You also visited: Bailey.

You collected 633 gold pieces.


Innate Abilities, Weirdness & Mutations

Your spellcasting is much less encumbered by armour.
You can use scrolls of enchantment on lesser artefacts.


   Skills:
 + Level 10.2 Fighting
 + Level 9.5 Axes
 + Level 8.7 Armour
 - Level 1.3 Dodging
 - Level 1.4 Stealth
 - Level 1.7 Spellcasting
 + Level 11.2 Necromancy


You had 8 spell levels left.
You knew the following spells:

 Your Spells              Type           Power      Damage    Failure   Level
a - Animate Dead          Necr           44%        N/A       3%          4
X - Necrotise             Necr           100%       1d9       1%          1

Your spell library contained the following spells:

 Spells                   Type           Power      Damage    Failure   Level
 Vampiric Draining        Necr           44%        2d9       1%          3
 Kiss of Death            Conj/Necr      88%        2d12      3%          1
 Curse of Agony           Necr           44%        N/A       11%         5
 Apportation              Tloc           2%         N/A       36%         1
 Shock                    Conj/Air       4%         1d3       36%         1
 Sting                    Conj/Alch      4%         1d3       36%         1
 Anguish                  Hex/Necr       11%        N/A       36%         4
 Martyr's Knell           Necr/Summ      22%        N/A       36%         4
 Jinxbite                 Hex            2%         N/A       50%         2
 Mercury Vapours          Alch/Air       2%         N/A       50%         2
 Static Discharge         Conj/Air       2%         3-4/arc   50%         2
 Death Channel            Necr           22%        N/A       52%         6
 Borgnjor's Vile Clutch   Necr/Erth      11%        N/A       71%         5
 Mephitic Cloud           Conj/Alch/Air  1%         N/A       75%         3
 Stone Arrow              Conj/Erth      2%         3d7       75%         3
 Swiftness                Air            1%         N/A       75%         3
 Airstrike                Air            0%         2d(1-17)  98%         4
 Animate Armour           Summ/Erth      2%         N/A       98%         4
 Olgreb's Toxic Radiance  Alch           1%         N/A       98%         4
 Summon Lightning Spire   Summ/Air       1%         N/A       98%         4
 Alistair's Intoxication  Alch           0%         N/A       100%        5
 Freezing Cloud           Conj/Ice/Air   0%         6-21      100%        5
 Haunt                    Necr/Summ      11%        N/A       100%        7
 Borgnjor's Revivificati  Necr           22%        N/A       100%        8
 Lehudib's Crystal Spear  Conj/Erth      0%         10d2      100%        8
 Death's Door             Necr           22%        N/A       100%        9

Inventory:

Hand Weapons
 a - a +3 war axe of freezing (weapon)
 n - a +0 spectral war axe
 o - a +1 spear of venom
Armour
 c - a +2 helmet (worn)
 q - a +0 plate armour (worn)
 x - a scarf of resistance
Magical Staves
 j - a staff of fire {!a}
 B - a staff of air {!a}
Jewellery
 I - a +6 ring of intelligence
 N - a ring of positive energy
 R - a ring of resist corrosion
 S - a +6 ring of strength (right hand)
 W - a ring of willpower (left hand)
Wands
 u - a wand of mindburst (3)
 D - a wand of flame (33)
Scrolls
 b - a scroll of blinking {unknown}
 i - 4 scrolls of enchant weapon
 p - a scroll of summoning
 r - 3 scrolls of enchant armour
 s - 2 scrolls of vulnerability
 t - a scroll of acquirement
 v - a scroll of noise
 w - a scroll of fog {unknown}
 y - a scroll of amnesia {unknown}
Potions
 d - 4 potions of curing {@q1}
 e - 7 potions of attraction
 f - a potion of resistance {unknown}
 g - a potion of mutation {unknown}
 h - 2 potions of magic
 k - 3 potions of heal wounds {@q2}
 l - 2 potions of enlightenment
 m - 4 potions of brilliance
 E - a potion of ambrosia

Dungeon Overview and Level Annotations

Branches:
Dungeon (9/15)             Temple (1/1) D:5          Bailey (visited)
   Lair: D:8-11         Orc: D:9-12

Altars:
Cheibriados
Dithmenos
Gozag
Hepliaklqana
Kikubaaqudgha
Makhleb
Nemelex Xobeh
Okawaru
Qazlal
Ru
Sif Muna
Trog
Uskayaw
Vehumet
Wu Jian
Xom
Beogh

Shops:
D:9 =

Annotations:
D:4 3 runed translucent doors, Triskal's ghost, amateur CoAl
D:7 1 runed translucent door, Crazy Yiuf
D:9 Amaemon

,* ***,,,* ,***,,,*,* ,**,,,,,,*
### ,,,,,*,*,* #.. **>,,,,,.**
#.. *,,*,*,#.######### #..
***,,,,..........# #..
****,*,*.#.....Z..#############Z.
,,,,,,,,......6s@Z.Z.ZZZ......ZZZ
,,,*****##....4Z..#############..
,*,,,,,,.......Z..# #........##..
,,,,,,,,..........# #........##..
,,,,,*,*........}.# #........####
,,,~~,**§§........# #........#[..
,,~***,~▒▒≈....#### #......(.#...
,~**~,,,,▒#≈§§.** #........#..)
,~*~~~,~~,*~,,,,*** #........#)..


You could see Amaemon (ally target), an orange demon, a scorpion (summoned), a
friendly gnoll zombie, a friendly gnoll sergeant zombie, 2 friendly kobold
zombies, 3 friendly orc zombies and a friendly orc wizard zombie.


Message History

You hit Amaemon. You freeze Amaemon.
Amaemon is heavily wounded.
You barely miss the scorpion.
* * * LOW HITPOINT WARNING * * *
You feel extremely sick.
The scorpion stings you but does no damage.
Your orc zombie hits Amaemon but does no damage.
Your kobold zombie misses Amaemon.
Amaemon hits you with a -1 demon whip of venom!
* * * LOW HITPOINT WARNING * * *
You are more poisoned.
Amaemon barely misses you.
Amaemon tail-slaps you but does no damage.
The orange demon barely misses you. The scorpion stings you.
* * * LOW HITPOINT WARNING * * *
You are more poisoned.
The scorpion poisons you!
Unknown command.
* * * LOW HITPOINT WARNING * * *
You feel extremely sick.
Your orc zombie barely misses Amaemon.
Your kobold zombie closely misses Amaemon.
Amaemon hits your orc zombie with a -1 demon whip of venom!
Your orc zombie is destroyed!
The scorpion attacks as it pursues you!
The scorpion stings you but does no damage.
The orange demon attacks as it pursues you!
The orange demon stings you from afar!
You die...
Kikubaaqudgha rasps: You have failed me!
Welcome... death!

Skill      XL: |  1  2  3  4  5  6  7  8  9 10 |
---------------+-------------------------------+-----
Fighting       | 1 2 3 4 5 6 7 8 10 | 10.2
Necromancy     | 5 6 7 8 9 11 | 11.2
Axes           | 1 3 5 7 9 |  9.5
Armour         | 1 3 5 6 8 |  8.7
Dodging        | |  1.3
Stealth        | |  1.4
Spellcasting   | |  1.7

Action                     |  1- 3 |  4- 6 |  7- 9 | 10-12 || total
---------------------------+-------+-------+-------+-------++-------
  Melee: Unarmed           |    52 |       |       |       ||    52
         Mace              |     3 |       |       |       ||     3
         Spear             |       |     1 |       |       ||     1
         War axe           |       |       |   135 |   247 ||   382
   Cast: Necrotise         |    56 |   124 |   265 |     5 ||   450
         Animate Dead      |       |       |       |     8 ||     8
  Evoke: Wand              |       |       |       |     2 ||     2
    Use: Potion            |       |     1 |       |    10 ||    11
         Scroll            |       |       |     9 |    11 ||    20
   Stab: Distracted        |       |       |       |     2 ||     2
         Invisible         |       |       |       |     7 ||     7
 Armour: Robe              |    19 |       |       |       ||    19
         Chain mail        |    26 |    26 |       |       ||    52
         Plate armour      |       |    24 |   314 |   359 ||   697
  Dodge: Dodged            |    40 |    13 |    81 |   109 ||   243

Levels and vault maps discovered:
D:1:      enne_arrival_octagon_isle, layout_loops_ring,
          kennysheep_pointless_box, minivault_19
D:2:      layout_basic
D:3:      layout_loops_ring, riverfiend_overflow_shadow_ancestor,
          old_standard_altar, ebering_ecumenical_altar_mist, grunt_ministairs_7,
          dreamdust_mushroom_princess, chequers_serial_rivers_small_b,
          uniq_natasha
D:4:      nicolae_cairo_tiling_large, layout_loops_corners,
          brannock_xom_greatest_gift, ebering_ghost_rock_garden,
          kennysheep_orc_chapel
D:5:      layout_basic, nzn_wu_jian_contemplation,
          minmay_temple_entry_nine_rooms, kennysheep_decorative_pillar,
          sigmund_army, uniq_menkaure
D:6:      hellmonk_crumbling_castle, layout_basic,
          grunt_temple_overflow_opulence, abandoned_shop
D:7:      layout_rooms, uniq_crazy_yiuf_cottage
D:8:      nicolae_moon_pools, layout_loops_ring, okawaru_humans,
          mrwooster_statue_mirror, hangedman_decor_lopped, blue_anna_alchemist,
          nicolae_concentric_dashed_squares_mild, hangedman_incinerator,
          uniq_maggie
D:9:      layout_basic, enter_bailey_4, hex_tiny,
          minmay_shop_enchanted_jewellery, nicolae_where_there's_smoke,
          uniq_grum, uniq_amaemon
Temple:   hellmonk_temple_rainy

Notes
Turn   | Place    | Note
-------+----------+-------------------------------------------
     0 | D:1      | cforsyth the Mountain Dwarf Necromancer began the quest for
                  | the Orb.
     0 | D:1      | Reached XP level 1. HP: 14/14 MP: 3/3
   160 | D:1      | Reached skill level 1 in Fighting
   161 | D:1      | Reached XP level 2. HP: 23/23 MP: 1/4
   970 | D:1      | Reached skill level 5 in Necromancy
   997 | D:1      | Reached skill level 2 in Fighting
   997 | D:1      | Reached XP level 3. HP: 29/29 MP: 3/5
  1552 | D:2      | Reached XP level 4. HP: 37/37 MP: 2/6
  2146 | D:2      | Reached skill level 3 in Fighting
  2347 | D:3      | Reached XP level 5. HP: 44/45 MP: 0/7
  2597 | D:3      | Found a snail-covered altar of Cheibriados.
  2778 | D:3      | Reached skill level 6 in Necromancy
  2837 | D:3      | Reached skill level 4 in Fighting
  3048 | D:3      | Found a faded altar of an unknown god.
  3209 | D:3      | Noticed Natasha
  3212 | D:3      | Killed Natasha
  3273 | D:3      | Noticed a shadow
  3276 | D:3      | Found a shadowy altar of Dithmenos.
  3277 | D:3      | Found a hazy altar of Hepliaklqana.
  3336 | D:3      | Noticed Natasha
  3346 | D:3      | Killed Natasha
  3838 | D:4      | Found a shimmering altar of Xom.
  3847 | D:4      | Reached XP level 6. HP: 53/53 MP: 5/8
  3890 | D:4      | Found a runed translucent gate.
  3890 | D:4      | Found a runed translucent gate.
  3895 | D:4      | Found a runed translucent gate.
  3896 | D:4      | Noticed Triskal's ghost (amateur CoAl)
  4420 | D:4      | Reached skill level 5 in Fighting
  4598 | D:4      | Found a roughly hewn altar of Beogh.
  4918 | D:4      | Found a shimmering altar of Xom.
  5497 | D:4      | Found a roughly hewn altar of Beogh.
  5718 | D:5      | Entered Level 5 of the Dungeon
  5731 | D:5      | Noticed Sigmund
  5740 | D:5      | Killed Sigmund
  5741 | D:5      | Reached skill level 1 in Axes
  5741 | D:5      | Reached skill level 1 in Armour
  5741 | D:5      | Reached skill level 7 in Necromancy
  5741 | D:5      | Reached XP level 7. HP: 32/61 MP: 1/9
  5976 | D:5      | Reached skill level 2 in Axes
  5976 | D:5      | Reached skill level 2 in Armour
  6031 | D:5      | Noticed Menkaure
  6362 | D:5      | Killed Menkaure
  6363 | D:5      | Reached skill level 3 in Axes
  6506 | D:5      | Found a staircase to the Ecumenical Temple.
  6591 | Temple   | Entered the Ecumenical Temple
  6601 | Temple   | Became a worshipper of Kikubaaqudgha
  6652 | D:5      | Reached skill level 6 in Fighting
  6697 | D:5      | Found an ornate altar of the Wu Jian Council.
  6738 | D:5      | Reached skill level 3 in Armour
  6845 | D:5      | Reached XP level 8. HP: 52/70 MP: 0/10
  7580 | D:6      | Reached skill level 4 in Axes
  7580 | D:6      | Reached skill level 8 in Necromancy
  7825 | D:6      | Reached skill level 4 in Armour
  8325 | D:6      | Reached skill level 7 in Fighting
  8325 | D:6      | Reached skill level 5 in Axes
  8548 | D:6      | Reached * piety under Kikubaaqudgha
  8548 | D:6      | Received a gift from Kikubaaqudgha
  8618 | D:6      | Identified a scarf of resistance
  8774 | D:6      | Reached skill level 5 in Armour
  8774 | D:6      | Reached XP level 9. HP: 74/79 MP: 7/11
  8823 | D:6      | Learned a level 4 spell: Animate Dead
  9046 | D:6      | Found a sparkling altar of Nemelex Xobeh.
  9046 | D:6      | Found an opulent altar of Gozag.
  9762 | D:7      | Reached skill level 9 in Necromancy
  9944 | D:6      | Reached skill level 6 in Axes
 10531 | D:7      | Found a runed translucent door.
 10532 | D:7      | Noticed Crazy Yiuf
 10721 | D:7      | Reached skill level 8 in Fighting
 10872 | D:8      | Reached skill level 6 in Armour
 11169 | D:8      | Noticed a two-headed ogre
 11297 | D:8      | Reached ** piety under Kikubaaqudgha
 11298 | D:8      | Reached skill level 7 in Axes
 11429 | D:8      | Found an iron altar of Okawaru.
 11505 | D:8      | Killed a two-headed ogre
 11506 | D:8      | Reached XP level 10. HP: 60/90 MP: 12/12
 11710 | D:8      | Reached skill level 7 in Armour
 11753 | D:8      | Reached skill level 10 in Necromancy
 11972 | D:8      | Noticed Maggie
 11983 | D:8      | Killed Maggie
 12092 | D:8      | Paralysed by a hornet for 1 turns
 12096 | D:8      | Reached skill level 9 in Fighting
 12313 | D:8      | Reached skill level 8 in Axes
 13375 | D:9      | Noticed Amaemon
 13376 | D:9      | Noticed an orange demon
 13383 | D:9      | Noticed Grum
 13384 | D:9      | Found Beizet's Jewellery Shoppe.
 13415 | D:9      | Reached skill level 8 in Armour
 13466 | D:9      | Found a flagged portal.
 13468 | D:9      | Killed Grum
 13616 | Bailey   | Entered a bailey
 13636 | Bailey   | Reached skill level 9 in Axes
 13639 | Bailey   | Reached *** piety under Kikubaaqudgha
 13639 | Bailey   | Received a gift from Kikubaaqudgha
 14057 | Bailey   | Noticed an orc knight
 14203 | Bailey   | Killed an orc knight
 14204 | Bailey   | Reached skill level 11 in Necromancy
 14399 | Bailey   | Noticed an orc knight
 14454 | Bailey   | Reached skill level 10 in Fighting
 14454 | Bailey   | Reached XP level 11. HP: 84/99 MP: 8/13
 14481 | Bailey   | Killed an orc knight
 14893 | D:9      | Noticed a two-headed ogre
 15367 | D:9      | HP: 4/100 [poisoned by a scorpion]
 15367 | D:9      | Slain by an orange demon

Vanquished Creatures
  A two-headed ogre (D:8)
  2 orc knights (Bailey)
  Maggie (D:8)
  A hornet (D:8)
  A shadow (D:9)
  Sigmund (D:5)
  2 wraiths
  2 humans (D:8)
  A fire elemental (D:8)
  A basilisk (D:6)
  4 fire bats (D:8)
  Menkaure (D:5)
  4 water moccasins
  A hell hound (D:8)
  7 orc warriors (Bailey)
  3 sky beasts
  An ice beast (D:5)
  An ogre (D:5)
  3 wolves (D:9)
  2 centaurs
  3 kobold brigands
  4 bullfrogs
  A gnoll sergeant (D:9)
  4 scorpions
  4 wights
  5 killer bees (D:9)
  2 electric eels (D:8)
  5 howler monkeys (D:8)
  3 jellies
  2 lava snakes (D:8)
  2 hounds (D:6)
  3 bombardier beetles
  6 orc priests
  5 iguanas
  A sleepcap (D:6)
  Natasha (twice) (D:3)
  5 orc wizards
  17 gnolls
  9 adders
  A shadow imp (D:4)
  2 white imps (D:7)
  2 ufetubi (D:7)
  A dart slug (D:3)
  A ribbon worm (D:3)
  47 orcs
  7 ball pythons
  2 bats (D:1)
  11 endoplasms
  2 giant cockroaches
  14 goblins
  7 hobgoblins
  6 jackals
  3 quokkas
  2 frilled lizards (D:1)
  13 kobolds
  5 rats
249 creatures vanquished.

Vanquished Creatures (collateral kills)
  Grum (D:9)
  2 orc warriors (Bailey)
  A gnoll (D:3)
  3 orcs (Bailey)
  An endoplasm (D:2)
  A goblin (D:9)
  A jackal (D:1)
  A kobold (D:9)
  A rat (D:2)
12 creatures vanquished.

Vanquished Creatures (others)
  A water moccasin zombie (D:9)
  2 wolf zombies (D:9)
  2 killer bee zombies (D:9)
  19 orc zombies
  2 gnoll zombies (D:9)
26 creatures vanquished.

Grand Total: 287 creatures vanquished

Table legend: (Time is in decaauts)
 A = Elapsed time spent in this place.
 B = Non-inter-level travel time spent in this place.
 C = Inter-level travel time spent in this place.
 D = Time resting spent in this place.
 E = Time spent auto-exploring this place.
 F = Levels seen in this place.
 G = Mean time per level.
                   A        B        C        D        E       F      G
               +--------+--------+--------+--------+--------+-----+--------+
         Total |  15421 |  14991 |    430 |   2816 |   9401 |  11 | 1401.9 |
       Dungeon |  14272 |  13853 |    419 |   2097 |   9380 |   9 | 1585.8 |
        Temple |     20 |     10 |     10 |      0 |      0 |   1 |   20.0 |
        Bailey |   1128 |   1128 |      0 |    719 |     21 |   1 | 1128.0 |
               +--------+--------+--------+--------+--------+-----+--------+

Top non-repeatable levels by time:
     D:4: 2680 daAuts
     D:8: 2565 daAuts
     D:6: 2552 daAuts
     D:3: 1308 daAuts
     D:5: 1300 daAuts
     D:1: 1295 daAuts
  Bailey: 1128 daAuts
     D:7: 954 daAuts
     D:2: 939 daAuts
     D:9: 675 daAuts
  Temple: 20 daAuts

Table legend:
 A = Non-vault XP
 B = Vault XP
 C = Vault XP percentage of total XP
 D = Non-vault monster count
 E = Vault monster count
 F = Vault count percentage of total count
                 A         B        C        D         E       F
            +---------+---------+-------+---------+---------+-------
      Total |    6964 |    5596 |  44.6 |     201 |      60 |  23.0
            +---------+---------+-------+---------+---------+-------
        D:1 |      53 |       0 |   0.0 |      31 |       0 |   0.0
        D:2 |      98 |       1 |   1.0 |      16 |       1 |   5.9
        D:3 |     262 |      37 |  12.4 |      23 |       2 |   8.0
        D:4 |     216 |      50 |  18.8 |      16 |       4 |  20.0
        D:5 |     626 |     413 |  39.7 |      15 |       4 |  21.1
        D:6 |    1780 |       0 |   0.0 |      40 |       0 |   0.0
        D:7 |     712 |       0 |   0.0 |      15 |       0 |   0.0
        D:8 |    1673 |    2093 |  55.6 |      16 |      12 |  42.9
        D:9 |    1544 |     529 |  25.5 |      29 |       9 |  23.7
     Bailey |       0 |    2473 | 100.0 |       0 |      28 | 100.0
            +---------+---------+-------+---------+---------+-------
